 Dungeon Crawl Stone Soup version 0.28-a0-2-g643f2454ad (webtiles) character file.

Game seed: 11716908900944327663

66 siradein the Grave Robber (level 4, -3/30 HPs)
             Began as a Human Necromancer on July 23, 2021.
             Slain by Grinder (7 damage)
             ... while paralysed by Grinder
             ... on level 4 of the Dungeon.
             The game lasted 00:05:27 (1827 turns).

siradein the Grave Robber (Human Necromancer)       Turns: 1827, Time: 00:05:28

Health: -3/30      AC:  2    Str:  9    XL:     4   Next: 37%
Magic:  8/8        EV:  2    Int: 16    God:
Gold:   56         SH:  0    Dex: 13    Spells: 0/9 levels left

rFire   . . .      SeeInvis .   f - +2 trident (flame)
rCold   . . .      Faith    .   (no shield)
rNeg    . . .      Spirit   .   a - +0 robe
rPois   .          Reflect  .   (no helmet)
rElec   .          Harm     .   (no cloak)
rCorr   .          Rampage  .   (no gloves)
Will    .....                   (no boots)
Stlth   ++........              (no amulet)
HPRegen 0.10/turn               (no ring)
MPRegen 0.11/turn               (no ring)

@: paralysed
A: no striking features
a: no special abilities


You were on level 4 of the Dungeon.
You visited 1 branch of the dungeon, and saw 3 of its levels.

You collected 56 gold pieces.

Inventory:

Hand Weapons
 f - a +2 trident of flaming (weapon)
Armour
 a - a +0 robe (worn)
Scrolls
 b - 2 scrolls of amnesia {unknown}
 c - a scroll of fear {unknown}
 g - 2 scrolls of identify {unknown}
 h - a scroll of fog {unknown}
Potions
 d - a potion of might {unknown}
 e - a potion of magic {unknown}
 i - a potion of invisibility {unknown}


   Skills:
 - Level 2.0 Dodging
 - Level 2.0 Stealth
 + Level 3.1 Spellcasting
 + Level 4.8 Necromancy


You couldn't memorise any spells.
You knew the following spells:

 Your Spells              Type           Power      Damage    Failure   Level
a - Pain                  Necr           72%        1d7       2%          1
b - Vampiric Draining     Necr           9%         2d7       8%          3
c - Animate Skeleton      Necr           36%        N/A       2%          1
d - Animate Dead          Necr           9%         N/A       26%         4

Your spell library contained the following spells:

 Spells                   Type           Power      Damage    Failure   Level
 Gell's Gravitas          Tloc           1%         N/A       50%         3
 Lesser Beckoning         Tloc           1%         N/A       50%         3
 Teleport Other           Tloc           2%         N/A       50%         3
 Agony                    Necr           18%        N/A       56%         5


Dungeon Overview and Level Annotations

Branches:
Dungeon (2/15)

Altars:

Annotations:
D:4 Grinder


Message History

Press: ? - help, Dir - move target, f - Grinder
Aim: Grinder Attack!
Grinder hits your orc skeleton.
Your orc skeleton hits Grinder with a +0 flail.
Grinder hits your orc skeleton!
Your orc skeleton is destroyed!
Grinder blinks!
Found 13 sling bullets.
Aiming: Pain (safe; 2% risk of failure)
Press: ? - help, Q - select action, (/) - cycle Shift-Dir - straight line, f - adder
Aim: an adder (chance to affect: 82%)
The adder writhes in agony!
Unknown command.
Aiming: Pain (safe; 2% risk of failure)
Press: ? - help, Q - select action, (/) - cycle Shift-Dir - straight line, f/p - adder
Aim: an adder (severely wounded, chance to affect: 82%)
The adder barely resists.
The adder bites you but does no damage.
Unknown command.
Aiming: Pain (safe; 2% risk of failure)
Press: ? - help, Q - select action, (/) - cycle Shift-Dir - straight line, f/p - adder
Aim: an adder (severely wounded, chance to affect: 82%)
The adder writhes in agony.
You kill the adder!
Unknown command.
Found a dagger.
Found a leather armour.
You open the door.
There is an open door here.
There is an open door here.
Grinder gestures at you. Pain shoots through your body!
* * * LOW HITPOINT WARNING * * *
Grinder hits you but does no damage. Grinder hits you but does no damage.
Grinder gestures at you.
You suddenly lose the ability to move!
Grinder hits you!
You die...

###### #....#
#....#
#...######
#..5#....#
#..@'....# #.
######....#
...#.........#
≈P≈#.....#+###
..P......#
≈P≈P.....#
P♣P≈≈P.5.#
♣♣♣≈P...# ..#
♣≈≈P...#


You could see Grinder.

Vanquished Creatures
  2 adders
  A dart slug (D:4)
  3 orcs (D:4)
  4 ball pythons
  10 bats
  2 endoplasms (D:1)
  4 giant cockroaches
  3 goblins
  3 hobgoblins (D:2)
  2 jackals (D:1)
  A kobold (D:1)
  2 frilled lizards
  4 rats (D:1)
41 creatures vanquished.

Vanquished Creatures (collateral kills)
  An endoplasm (D:1)
1 creature vanquished.

Vanquished Creatures (others)
  7 plants (D:4)
7 creatures vanquished.

Grand Total: 49 creatures vanquished

Notes
Turn   | Place    | Note
-------+----------+-------------------------------------------
     0 | D:1      | siradein the Human Necromancer began the quest for the Orb.
     0 | D:1      | Reached XP level 1. HP: 13/13 MP: 3/3
   130 | D:1      | Reached XP level 2. HP: 16/19 MP: 1/5
   762 | D:1      | Reached XP level 3. HP: 19/24 MP: 1/6
   863 | D:1      | Learned a level 3 spell: Vampiric Draining
   865 | D:1      | Learned a level 1 spell: Animate Skeleton
  1324 | D:2      | Found a faded altar of an unknown god.
  1533 | D:2      | Reached XP level 4. HP: 27/30 MP: 4/8
  1538 | D:2      | Learned a level 4 spell: Animate Dead
  1572 | D:2      | You fall into a shaft and drop 2 floors!
  1772 | D:4      | Noticed Grinder
  1826 | D:4      | Paralysed by Grinder for 3 turns
  1827 | D:4      | Slain by Grinder

Illustrated notes

Levels and vault maps discovered:
D:1:      amcnicky_arrival_feature_with_door, layout_basic,
          chequers_serial_rivers_small_3, minmay_pentomino_v2
D:2:      layout_loops_cross, shapermc_ecumenical_altar_starsandcircs
D:4:      minmay_bubble_buster, layout_gridville, serial_bayou,
          serial_bayou_pond_c, serial_bayou_shore_a, serial_bayou_pond_e,
          serial_bayou_shore_b, uniq_grinder

Skill      XL: |  1  2  3 |
---------------+----------+-----
Spellcasting   | 3 |  3.1
Dodging        | |  2.0
Stealth        | |  2.0
Necromancy     | |  4.8

Action                   |  1- 3 |  4- 6 || total
-------------------------+-------+-------++-------
Melee: War axe           |     1 |       ||     1
       Trident           |    31 |     6 ||    37
 Cast: Pain              |    30 |     9 ||    39
       Animate Skeleton  |     1 |     1 ||     2
 Stab: Sleeping          |     3 |       ||     3
Armor: Robe              |     6 |     3 ||     9
Dodge: Dodged            |    36 |     6 ||    42

Table legend: (Time is in decaauts)
 A = Elapsed time spent in this place.
 B = Non-inter-level travel time spent in this place.
 C = Inter-level travel time spent in this place.
 D = Time resting spent in this place.
 E = Time spent auto-exploring this place.
 F = Levels seen in this place.
 G = Mean time per level.
                   A        B        C        D        E       F      G
               +--------+--------+--------+--------+--------+-----+--------+
         Total |   1845 |   1826 |     19 |     20 |   1439 |   3 |  615.0 |
       Dungeon |   1845 |   1826 |     19 |     20 |   1439 |   3 |  615.0 |
               +--------+--------+--------+--------+--------+-----+--------+

Top non-repeatable levels by time:
     D:1: 1257 daAuts
     D:2: 329 daAuts
     D:4: 259 daAuts
